 Dungeon Crawl Stone Soup version 0.23-a0-619-g281719c (webtiles) character file.

30 Lavandula the Cutter (level 3, 18/21 HPs)
             Began as a Halfling Enchanter on Dec 22, 2018.
             Quit the game on level 2 of the Dungeon.
             The game lasted 00:03:07 (762 turns).

Lavandula the Cutter (Halfling Enchanter)            Turns: 762, Time: 00:03:08

Health: 18/21      AC:  2    Str:  9    XL:     3   Next: 35%
Magic:  5/5        EV: 15    Int: 14    God:
Gold:   12         SH:  0    Dex: 14    Spells: 2/5 levels left

rFire    . . .     SeeInvis .   j - +0 hunting sling (curse)
rCold    . . .     Gourm    .   (shield restricted)
rNeg     . . .     Faith    .   b - +0 robe
rPois    .         Spirit   .   (no helmet)
rElec    .         Reflect  .   (no cloak)
rCorr    .         Harm     .   (no gloves)
MR       .....                  (no boots)
Stlth    ++........             (no amulet)
HPRegen  0.07/turn              (no ring)
MPRegen  0.09/turn              (no ring)

@: no status effects
A: small, mutation resistance 1
a: no special abilities


You were on level 2 of the Dungeon.
You were not hungry.

You visited 1 branch of the dungeon, and saw 3 of its levels.

You collected 12 gold pieces.

Inventory:

Hand Weapons
 a - a +1 dagger
 h - a +1 dagger of protection
 j - a cursed +0 hunting sling (weapon)
Missiles
 f - 8 sling bullets (quivered)
Armour
 b - a +0 robe (worn)
Scrolls
 e - a scroll of fog
Potions
 c - a potion of ambrosia {unknown}
Comestibles
 d - a ration


   Skills:
 + Level 3.7 Short Blades
 - Level 2.1 Dodging
 - Level 3.2 Stealth
 - Level 1.5 Spellcasting
 - Level 2.4 Hexes


You had 2 spell levels left.
You knew the following spells:

 Your Spells              Type           Power        Failure   Level  Hunger
a - Corona                Hex            #......      10%         1    ##.....
b - Ensorcelled Hibernat  Hex/Ice        #.....       22%         2    ###....

Your spell library contained the following spells:

 Spells                   Type           Power        Failure   Level  Hunger
 Confuse                  Hex            #.......     28%         3    ####...
 Tukima's Dance           Hex            #.......     28%         3    ####...
 Dazzling Spray           Conj/Hex       #.....       41%         3    ####...


Dungeon Overview and Level Annotations

Branches:
Dungeon (3/15)

Altars:
Makhleb

Annotations:
D:2 Robin
D:3 Sigmund


Innate Abilities, Weirdness & Mutations

You are small and have problems with some larger weapons.
You are somewhat resistant to further mutation.


Message History

Press: ? - help, Shift-Dir - straight line, f - bat
Aim: a bat You shoot a sling bullet.
The sling bullet barely misses the bat.
Robin of the Strong Arm comes into view.
She is wielding a +1 mace of Firing (i - inventory)
f - 9 sling bullets (quivered)
Press: ? - help, Shift-Dir - straight line, f/p - bat
Aim: a bat You shoot a sling bullet.
The sling bullet closely misses the bat.
Robin shouts!
You hear a shout!
The bat hits you but does no damage.
Level annotation: Robin Welcome back, Lavandula the Halfling Enchanter.
Press ? for a list of commands and other information.
Unknown command.
Unknown command.
Unknown command.
Unknown command.
You swing at nothing.
The bat hits you. Robin throws the goblin at you!
Are you sure you want to abandon this character and quit the game? (Confirm

##†.## ##..#**,,,,,
#..# *..#*******
##†####**...#***
####..)..#,,.....,****
#.....##.#,,,,...,*,,,
#.....#*,...(,,,,,*,,,
#.....###.g.(,,,,,,,,,
#.)..b........,,,,,,,,
#...g@####....,,,,*,,,
#.....# *,,,.,,,,*,,,
#.....# *,,,,,,,,*,,,
##.≈§#####*,,,,,,,*,,,
#)≈##⌠#⌠##***********
#.≈#≈≈≈§≈# #†≈#≈§..≈##
#.≈#≈§..≈⌠#
#..'.§_.≈#*


You could see Robin, a goblin and a bat.

Vanquished Creatures
  A worm (D:2)
  A dart slug (D:3)
  A leopard gecko (D:1)
  A ball python (D:2)
  A giant cockroach (D:1)
  7 goblins
  A hobgoblin (D:2)
  2 kobolds
  2 bats (D:2)
  2 frilled lizards
  3 rats
22 creatures vanquished.

Notes
Turn   | Place    | Note
-------+----------+-------------------------------------------
     0 | D:1      | Lavandula the Halfling Enchanter began the quest for the
                  | Orb.
     0 | D:1      | Reached XP level 1. HP: 11/11 MP: 3/3
   101 | D:1      | Reached XP level 2. HP: 13/17 MP: 4/4
   274 | D:3      | Noticed Sigmund
   296 | D:2      | Learned a level 2 spell: Ensorcelled Hibernation
   445 | D:2      | Reached XP level 3. HP: 8/21 MP: 5/5
   661 | D:3      | Noticed an orc warrior
   725 | D:2      | Found a burning altar of Makhleb.
   759 | D:2      | Noticed Robin
   762 | D:2      | Quit the game

Vault maps used:
D:1:      roderic_crossed_star
D:2:      lightli_temple_of_fire, fedhas_ov_isle_minmay, uniq_robin
D:3:      lemuel_crystal_altar, lemuel_round_altar, first_ration, uniq_ijyb,
          uniq_jessica, uniq_sigmund

Skill      XL: |  1  2 |
---------------+-------+-----
Short Blades   | 2 3 |  3.7
Dodging        | |  2.1
Stealth        | |  3.2
Spellcasting   | |  1.5
Hexes          | |  2.4

Action                   || total
-------------------------++-------
Melee: Dagger            ||    58
 Fire: Hunting sling     ||    23
 Cast: Corona            ||     4
  Use: Scroll            ||     2
 Stab: Sleeping          ||     4
Armor: Robe              ||    13
Dodge: Dodged            ||    41

Table legend:
 A = Non-vault XP
 B = Vault XP
 C = Vault XP percentage of total XP
 D = Non-vault monster count
 E = Vault monster count
 F = Vault count percentage of total count
                 A         B        C        D         E       F
            +---------+---------+-------+---------+---------+-------
      Total |      43 |       0 |   0.0 |      22 |       0 |   0.0
            +---------+---------+-------+---------+---------+-------
        D:1 |      16 |       0 |   0.0 |       9 |       0 |   0.0
        D:2 |      23 |       0 |   0.0 |      12 |       0 |   0.0
        D:3 |       4 |       0 |   0.0 |       1 |       0 |   0.0
            +---------+---------+-------+---------+---------+-------
